 Dungeon Crawl Stone Soup version 0.28-a0-1506-g3893175d92 (webtiles) character file.

Game seed: 8449958989286527945

1235 fragbeetle the Digger (level 8, 0/48 HPs)
             Began as a Gargoyle Earth Elementalist on Jan 14, 2022.
             Was an Initiate of Vehumet.
             Slain by a komodo dragon (17 damage)
             ... on level 5 of the Dungeon.
             The game lasted 00:20:33 (7660 turns).

fragbeetle the Digger (Gargoyle Earth Elementalist) Turns: 7660, Time: 00:20:34

Health: 0/48       AC:  9    Str: 13    XL:     8   Next: 49%
Magic:  0/11       EV: 13    Int: 15    God:    Vehumet [......]
Gold:   213        SH:  0    Dex: 12    Spells: 5/11 levels left

rFire   . . .      SeeInvis .   C - +0 flail
rCold   . . .      Faith    .   (no shield)
rNeg    + . .      Spirit   .   b - +0 robe
rPois   ∞          Reflect  .   w - +0 helmet
rElec   +          Harm     .   e - scarf {repulsion}
rCorr   .          Rampage  .   B - +0 pair of gloves
Will    +....                   (no boots)
Stlth   ++........              (no amulet)
HPRegen 0.16/turn               i - ring of willpower
MPRegen 0.12/turn               (no ring)

@: repel missiles
A: sickness immunity, AC +5, negative energy resistance 1, electricity
resistance, torment resistance 1, petrification resistance
a: Renounce Religion


You were on level 5 of the Dungeon.
You worshipped Vehumet.
Vehumet was noncommittal.
You visited 1 branch of the dungeon, and saw 5 of its levels.
You also visited: Ossuary.

You collected 213 gold pieces.

Inventory:

Hand Weapons
 n - a +0 mace
 z - a +0 shortbow
 C - a +0 flail (weapon)
Missiles
 c - 114 stones
 t - 2 poisoned darts
 x - a curare-tipped dart
 A - 36 arrows
Armour
 b - a +0 robe (worn)
 e - a scarf of repulsion (worn)
 w - a +0 helmet (worn)
 B - a +0 pair of gloves (worn)
Jewellery
 i - a ring of willpower (left hand)
Scrolls
 d - 5 scrolls of teleportation {unknown}
 h - a scroll of enchant armour {unknown}
 k - 7 scrolls of identify {unknown}
 m - a scroll of acquirement {unknown}
 o - a scroll of fog {unknown}
 p - a scroll of amnesia {unknown}
 r - a scroll of blinking {unknown}
 s - a scroll of noise {unknown}
 u - 4 scrolls of magic mapping {unknown}
 v - a scroll of vulnerability {unknown}
 y - a scroll of enchant weapon {unknown}
 D - a scroll of immolation {unknown}
Potions
 a - 3 potions of lignification {unknown}
 f - 3 potions of curing {unknown}
 g - a potion of flight {unknown}
 j - 3 potions of brilliance {unknown}
 l - a potion of degeneration {unknown}
 q - 2 potions of berserk rage {unknown}


   Skills:
 + Level 4.7 Fighting
 - Level 1.0 Maces & Flails
 + Level 3.9 Dodging
 - Level 2.1 Stealth
 - Level 2.0 Spellcasting
 + Level 4.4 Conjurations
 - Level 2.0 Transmutations
 + Level 7.6 Earth Magic
 + Level 0.7 Poison Magic


You had 5 spell levels left.
You knew the following spells:

 Your Spells              Type           Power      Damage    Failure   Level
a - Sandblast             Erth           48%        2d12      1%          1
b - Stone Arrow           Conj/Erth      38%        3d9       5%          3
c - Poisonous Vapours     Pois/Air       4%         N/A       28%         2

Your spell library contained the following spells:

 Spells                   Type           Power      Damage    Failure   Level
 Passwall                 Tmut/Erth      12%        N/A       4%          2
 Petrify                  Tmut/Erth      15%        N/A       30%         4
 Blink                    Tloc           2%         N/A       32%         2
 Corpse Rot               Necr/Air       2%         N/A       32%         2
 Lesser Beckoning         Tloc           1%         N/A       54%         3
 Manifold Assault         Tloc           1%         N/A       99%         5


Dungeon Overview and Level Annotations

Branches:
Dungeon (5/15)            Ossuary (visited)
 Temple: D:4-7

Altars:
Ashenzari
Fedhas
Ru
Vehumet
Wu Jian
Zin

Annotations:
D:3 4 runed translucent doors, Crazy Yiuf; fragbeetle's ghost, amateur GrEE


Innate Abilities, Weirdness & Mutations

You are immune to sickness and miasma.
Your stone body is resilient. (AC +5)
You are immune to poison.
You resist negative energy. (rN+)
You are resistant to electric shocks. (rElec)
You are resistant to unholy torment.
You are immune to petrification.


Message History

The komodo dragon is moderately wounded.
Something hits you. Something shocks you. You resist.
Casting: Stone Arrow (dangerous; 5% risk of failure)
Confirm with . or Enter, or press ? or * to list all spells.
Aiming: Sandblast (safe; 1% risk of failure)
Press: ? - help, Shift-Dir - straight line, f/p - komodo dragon
Aim: a komodo dragon (moderately wounded, 86% to hit)
The blast of sand hits the komodo dragon but does no damage.
The komodo dragon is moderately wounded.
A sky beast appears from thin air!
Reactivating autopickup.
The sky beast hits you but does no damage.
The komodo dragon misses you.
Casting: Sandblast (safe; 1% risk of failure)
Confirm with . or Enter, or press ? or * to list all spells.
Aiming: Sandblast (safe; 1% risk of failure)
Press: ? - help, Shift-Dir - straight line, f/p - komodo dragon
Aim: a komodo dragon (moderately wounded, 86% to hit)
The blast of sand hits the komodo dragon!
The komodo dragon is heavily wounded.
The komodo dragon bites you!
The sky beast hits you but does no damage.
Casting: Sandblast (safe; 1% risk of failure)
Confirm with . or Enter, or press ? or * to list all spells.
Aiming: Sandblast (safe; 1% risk of failure)
Press: ? - help, Shift-Dir - straight line, f/p - komodo dragon
Aim: a komodo dragon (heavily wounded, 86% to hit)
The blast of sand hits the komodo dragon but does no damage.
The komodo dragon is heavily wounded.
The sky beast hits you but does no damage.
The komodo dragon barely misses you.
Casting: Sandblast (safe; 1% risk of failure)
Confirm with . or Enter, or press ? or * to list all spells.
Aiming: Sandblast (safe; 1% risk of failure)
Press: ? - help, Shift-Dir - straight line, f/p - komodo dragon
Aim: a komodo dragon (heavily wounded, 86% to hit)
The blast of sand hits the komodo dragon but does no damage.
The komodo dragon is heavily wounded.
The sky beast closely misses you. The komodo dragon bites you!
You die...

...... #.....# ...... #..####
....# #....÷. #...# #...l.. #
#... #......
#.#.†#########.l. #...###
#.#..#.......#...###......
#....'..l...[#..s....#)#.#
#.#..#..Y@...#.#..##.#.#.# #
#..#########.##.##.#.#.#
#...# '.. #..#.#.#o# #.#.#
#.# #.#.#.#..
#.#.#######.####...#.###
######.#..#.).#......#..#.#
#.........##.##......#..#.###
#..........#'#...............
#................)...##>..###


You could see a komodo dragon and a sky beast.

Vanquished Creatures
  An ogre (D:5)
  2 centaurs (D:5)
  A kobold brigand (D:5)
  An elf zombie (Ossuary)
  2 scorpions (D:5)
  A water moccasin skeleton (D:5)
  A water moccasin zombie (D:5)
  A killer bee (D:5)
  2 centaur zombies (Ossuary)
  2 human zombies (Ossuary)
  A hound (D:4)
  An orc priest (D:5)
  2 bullfrog skeletons (D:5)
  A scorpion zombie (D:5)
  2 iguanas (D:5)
  An orc wizard (D:5)
  A hound zombie (D:5)
  A hound skeleton (D:5)
  3 mummies
  6 adders
  A white imp (D:5)
  2 adder skeletons (D:4)
  3 adder zombies (Ossuary)
  A worm (D:3)
  6 orcs
  7 endoplasms
  6 giant cockroaches
  7 goblins
  6 hobgoblins
  4 jackals (D:3)
  9 kobolds
  5 quokkas
  15 ball pythons
  4 bats
  6 frilled lizards
  A goblin zombie (Ossuary)
  9 hobgoblin zombies (Ossuary)
  A jackal zombie (Ossuary)
  6 kobold zombies
  12 orc zombies
  7 rats
  2 rat zombies (Ossuary)
153 creatures vanquished.

Vanquished Creatures (others)
  An adder skeleton (D:4)
  27 plants (D:3)
28 creatures vanquished.

Grand Total: 181 creatures vanquished

Notes
Turn   | Place    | Note
-------+----------+-------------------------------------------
     0 | D:1      | fragbeetle the Gargoyle Earth Elementalist began the quest
                  | for the Orb.
     0 | D:1      | Reached XP level 1. HP: 10/10 MP: 3/3
   462 | D:1      | Reached skill level 1 in Transmutations
   462 | D:1      | Reached XP level 2. HP: 16/16 MP: 5/5
   614 | D:1      | Reached skill level 4 in Earth Magic
   901 | D:1      | Reached skill level 1 in Fighting
  1011 | D:1      | Reached XP level 3. HP: 20/20 MP: 4/6
  1838 | D:2      | Found a broken altar of Ashenzari.
  2592 | D:2      | Reached XP level 4. HP: 25/25 MP: 7/7
  3065 | D:3      | Reached skill level 5 in Earth Magic
  3341 | D:3      | Found a broken altar of Ashenzari.
  3362 | D:3      | Found a sacrificial altar of Ru.
  3391 | D:3      | Noticed fragbeetle's ghost (amateur GrEE)
  3409 | D:3      | Found a runed translucent gate.
  3444 | D:3      | Found a faded altar of an unknown god.
  3471 | D:3      | Found an ornate altar of the Wu Jian Council.
  3778 | D:3      | Found a runed translucent gate.
  3779 | D:3      | Found a runed translucent gate.
  4008 | D:3      | Found a runed translucent door.
  4009 | D:3      | Noticed Crazy Yiuf
  4020 | D:3      | Learned a level 3 spell: Stone Arrow
  4076 | D:4      | Reached XP level 5. HP: 30/30 MP: 8/8
  4090 | D:4      | Found a sand-covered staircase.
  4097 | Ossuary  | Entered an ossuary
  4522 | Ossuary  | Reached skill level 1 in Maces & Flails
  4522 | Ossuary  | Reached XP level 6. HP: 17/36 MP: 2/9
  4594 | Ossuary  | Reached skill level 6 in Earth Magic
  5012 | D:4      | Found a radiant altar of Vehumet.
  5021 | D:4      | Became a worshipper of Vehumet
  5438 | D:4      | Found a large runed translucent door.
  5439 | D:4      | Found a large runed translucent door.
  5486 | D:4      | Found a blossoming altar of Fedhas.
  5492 | D:4      | Found a glowing silver altar of Zin.
  5495 | D:4      | Reached XP level 7. HP: 41/41 MP: 5/10
  5905 | D:5      | Entered Level 5 of the Dungeon
  5915 | D:5      | Reached skill level 1 in Conjurations
  6505 | D:5      | Reached skill level 7 in Earth Magic
  6626 | D:5      | Reached XP level 8. HP: 33/48 MP: 6/11
  7304 | D:5      | Noticed a komodo dragon
  7347 | D:4      | Learned a level 2 spell: Poisonous Vapours
  7660 | D:5      | Slain by a komodo dragon

Illustrated notes

Levels and vault maps discovered:
D:1:      kilobyte_arrival_exit_the_forest, layout_loops_corners,
          minmay_circled_x
D:2:      layout_basic, basic_altar
D:3:      layout_loops_ring, nicolae_wu_jian_immortal_techniques,
          mainiacjoe_overflow_paths, nicolae_ru_path_of_blood, serial_bayou,
          serial_bayou_lake_a, serial_bayou_pond_a, serial_bayou_pond_b,
          serial_bayou_shore_b, gammafunk_ghost_split, basic_ecumenical_altar,
          uniq_crazy_yiuf_cottage
D:4:      layout_loops_cross, jmf_multi_god_temple2, fiery_altar_vehumet,
          nicolae_ossuary_entry_giza
D:5:      layout_basic, minmay_divided_ellipse

Skill      XL: |  1  2  3  4  5  6  7  8 |
---------------+-------------------------+-----
Transmutations | 1 2 |  2.0
Earth Magic    | 4 5 6 7 |  7.6
Fighting       | 1 2 3 4 |  4.7
Dodging        | 2 3 |  3.9
Maces & Flails | 1 |  1.0
Conjurations   | 3 4 |  4.4
Stealth        | |  2.1
Spellcasting   | |  2.0
Poison Magic   | |  0.7

Action                   |  1- 3 |  4- 6 |  7- 9 || total
-------------------------+-------+-------+-------++-------
Melee: Club              |    29 |       |       ||    29
       Unarmed           |    11 |       |       ||    11
       Punch             |     4 |     5 |       ||     9
       Short sword       |   119 |    43 |       ||   162
       Mace              |       |   247 |   114 ||   361
       Flail             |       |       |    18 ||    18
 Cast: Sandblast         |     7 |    40 |    31 ||    78
       Stone Arrow       |       |     5 |    16 ||    21
 Stab: Sleeping          |     3 |       |       ||     3
       Distracted        |       |       |     1 ||     1
Armor: Robe              |    56 |   147 |    87 ||   290
Dodge: Dodged            |   111 |   291 |   137 ||   539

Table legend: (Time is in decaauts)
 A = Elapsed time spent in this place.
 B = Non-inter-level travel time spent in this place.
 C = Inter-level travel time spent in this place.
 D = Time resting spent in this place.
 E = Time spent auto-exploring this place.
 F = Levels seen in this place.
 G = Mean time per level.
                   A        B        C        D        E       F      G
               +--------+--------+--------+--------+--------+-----+--------+
         Total |   7869 |   7798 |     71 |   1425 |   3953 |   6 | 1311.5 |
       Dungeon |   7002 |   6931 |     71 |   1265 |   3953 |   5 | 1400.4 |
       Ossuary |    866 |    866 |      0 |    160 |      0 |   1 |  866.0 |
               +--------+--------+--------+--------+--------+-----+--------+

Top non-repeatable levels by time:
     D:1: 1651 daAuts
     D:5: 1597 daAuts
     D:3: 1304 daAuts
     D:4: 1288 daAuts
     D:2: 1161 daAuts
 Ossuary: 866 daAuts
